Map: Bridgehead LE (Void)

Players

wabbajack - Winner!

  • Race: Zerg Zerg
  • League: Gold

VOD

Have the link to the VOD?

Description

Time

  • Played on: July 20, 2015, 8:54 a.m.
  • Length: 4:53
Show
View Real Time Build Order
Export as new Build Order

wabbajack Zerg - Winner!

Build Orders: Hatch First 

Get SALT Encoding   

  12  0:02  Drone  
  12  0:14  Overlord  
  12  0:20  Drone  
  12  0:24  Extractor  
  12  0:25  Drone  
  12  0:33  Drone  
  12  0:37  Drone  
  12  0:55  Hatchery  
  12  0:59  Extractor  
  12  1:00  Drone  
  12  1:03  Drone  
  12  1:17  Spawning Pool  
  12  1:20  Drone  
  12  1:24  Drone  
  12  1:28  Extractor  
  12  1:31  Drone  
  12  1:41  Drone  
  12  1:57  Drone  
  12  2:04  Metabolic Boost  
  12  2:05  Queen  
  12  2:08  Drone  
  12  2:09  Drone  
  12  2:13  Queen  
  12  2:21  Drone  
  12  2:26  Overlord  
  12  2:29  Drone  
  12  2:41  Pneumatized Carapace  
  12  2:42  Baneling Nest  
  12  2:50  Zergling x4  
  12  3:00  Overlord  
  12  3:12  Zergling x4  
  12  3:13  Zergling x4  
  12  3:31  Baneling x4  
  12  3:36  Zergling x4  
  12  3:37  Zergling x10  
  12  3:44  Overlord  
  12  3:52  Lair  
  12  3:54  Drone x3  
  12  4:13  Overlord  
  12  4:22  Drone x3  
  12  4:23  Drone x3  
  12  4:28  Roach Warren  
  12  4:30  Evolution Chamber  
Tags
 
Add a new tag
Caveats
  • Supply blocks, unpowered buildings, or Contaminate may cause inaccurate times.
  • Supply counts are checked every 10 seconds.